 Dungeon Crawl Stone Soup version 0.28-a0-1213-g0243856f03 (webtiles) character file.

Game seed: 5424659886318729828

3116 r3xj the Basher (level 9, -1/82 HPs)
             Began as a Minotaur Fighter on Dec 22, 2021.
             Was a Priest of Okawaru.
             Killed by divine providence
             ... invoked by an orc priest
              (16 damage)
             ... on level 8 of the Dungeon.
             The game lasted 00:17:18 (8276 turns).

r3xj the Basher (Minotaur Fighter)                  Turns: 8276, Time: 00:17:19

Health: -1/82      AC: 19    Str: 25    XL:     9   Next: 60%
Magic:  8/8        EV: 10    Int:  5    God:    Okawaru [***...]
Gold:   373        SH:  4    Dex: 10    Spells: 8/8 levels left

rFire   . . .      SeeInvis .   y - +0 flail (protect)
rCold   . . .      Faith    .   c - +0 buckler
rNeg    . . .      Spirit   .   v - quicksilver dragon scales
rPois   +          Reflect  .   (helmet restricted)
rElec   .          Harm     .   (no cloak)
rCorr   .          Rampage  .   (no gloves)
Will    +....                   (no boots)
Stlth   ..........              (no amulet)
HPRegen 0.23/turn               w - ring of poison resistance
MPRegen 0.11/turn               (no ring)

@: under a protective aura
A: horns 2, retaliatory headbutt
a: Renounce Religion, Heroism


You were on level 8 of the Dungeon.
You worshipped Okawaru.
Okawaru was most pleased with you.
You visited 2 branches of the dungeon, and saw 9 of its levels.

You collected 373 gold pieces.

Inventory:

Hand Weapons
 y - a +0 flail of protection (weapon)
Missiles
 a - 2 throwing nets
 h - 23 poisoned darts (quivered)
 B - a curare-tipped dart
Armour
 c - a +0 buckler (worn)
 l - a +0 kite shield
 v - quicksilver dragon scales (worn)
Jewellery
 w - a ring of poison resistance (left hand)
Wands
 C - a wand of iceblast (4)
 D - a wand of acid (16)
Scrolls
 b - a scroll of fog {unknown}
 e - a scroll of amnesia {unknown}
 f - a scroll of immolation {unknown}
 g - 3 scrolls of identify {unknown}
 j - 4 scrolls of teleportation {unknown}
 p - 3 scrolls of noise {unknown}
 r - a scroll of brand weapon {unknown}
 s - 2 scrolls of enchant armour {unknown}
 t - 2 scrolls of fear {unknown}
 x - a scroll of vulnerability {unknown}
Potions
 d - a potion of might
 i - a potion of cancellation {unknown}
 k - 3 potions of curing {unknown}
 m - 2 potions of degeneration {unknown}
 n - 3 potions of mutation {unknown}
 o - a potion of lignification {unknown}
 q - a potion of berserk rage {unknown}
 u - 2 potions of attraction {unknown}
 z - 2 potions of heal wounds {unknown}
 A - 2 potions of ambrosia {unknown}


   Skills:
 + Level 8.8 Fighting
 * Level 11.5 Maces & Flails
 + Level 8.9 Armour
 - Level 4.0 Shields


You had 8 spell levels left.
You didn't know any spells.
Your spell library contained the following spells:

 Spells                   Type           Power      Damage    Failure   Level
 Conjure Flame            Conj/Fire      0%         6-21      92%         3
 Ignite Poison            Fire/Tmut/Pois 0%         N/A       92%         3
 Sticky Flame             Conj/Fire      0%         2d3       100%        4


Dungeon Overview and Level Annotations

Branches:
Dungeon (8/15)             Temple (1/1) D:4
   Lair: D:8-11

Altars:
Cheibriados
Dithmenos
Elyvilon
Fedhas
Gozag
Kikubaaqudgha
Makhleb
Nemelex Xobeh
Okawaru
Ru
Sif Muna
Vehumet
Wu Jian
Xom
Yredelemnul
Zin
The Shining One

Shops:
D:3 (


Innate Abilities, Weirdness & Mutations

You have a pair of horns on your head.
You reflexively headbutt those who attack you in melee.


Message History

The hornet barely misses you.
You feel very sick. The hornet stings you.
You feel yourself slow down.
You can move again.
You closely miss the hornet.
The hornet is lightly wounded.
You feel yourself speed up.
You feel sick. The hornet stings you! You block the hornet's attack.
You closely miss the hornet.
The hornet is lightly wounded.
You feel sick. You block the hornet's attack.
The orc priest looks braver for a moment.
Found 27 stones.
You feel sick. The hornet closely misses you.
You hit the hornet but do no damage.
Your weapon exudes an aura of protection.
The hornet is lightly wounded.
You block the hornet's attack.
You hit the hornet but do no damage.
The hornet is lightly wounded.
You feel sick. The hornet closely misses you.
You closely miss the hornet. You headbutt the hornet!
The hornet is moderately wounded.
You feel sick. The hornet closely misses you.
The orc hits you but does no damage. The hornet misses you.
You hit the hornet.
The hornet is heavily wounded.
You feel sick. The hornet stings you!
* * * LOW HITPOINT WARNING * * *
You miss the hornet. You headbutt the hornet!
The hornet is severely wounded.
You feel sick.
You are no longer poisoned.
The hornet barely misses you.
You closely miss the hornet. You headbutt the hornet.
The hornet is severely wounded.
The hornet stings you but does no damage.
The orc hits you but does no damage.
The orc priest calls down the wrath of Beogh upon you.
Beogh smites you!
You die...

##### .....#
.....####.....#
........#.o...#
(.......#..o..#
#....#o....#
#..o@#.o...#
####..oy#)....# ..#
.......o..o...# ..#
####....#>....#....#
###....###..##....#
####....######.##....#
....................>#
####....######..#....###
#....# #........#...


You could see a hornet, an orc priest and 2 orcs.

Vanquished Creatures
  Pikel (D:5)
  Menkaure (D:7)
  2 water moccasins
  A sky beast (D:7)
  An orc warrior (D:7)
  3 ice beasts
  5 ogres
  A phantom (D:6)
  3 lemures
  2 kobold brigands
  A scorpion (D:5)
  2 howler monkeys (D:4)
  4 bullfrog zombies
  5 hounds
  3 orc priests
  2 bullfrog skeletons
  2 gnoll shamans (D:4)
  4 iguanas
  A centaur skeleton (D:7)
  2 orc wizards
  A hound zombie (D:5)
  A howler monkey zombie (D:7)
  22 gnolls
  4 adders
  2 white imps
  6 dart slugs
  37 orcs
  9 ball pythons
  4 endoplasms
  5 giant cockroaches
  2 hobgoblins (D:3)
  16 jackals
  28 kobolds
  5 quokkas
  3 bats (D:1)
  5 frilled lizards
  3 goblins
  4 rats
203 creatures vanquished.

Vanquished Creatures (others)
  12 plants
12 creatures vanquished.

Grand Total: 215 creatures vanquished

Notes
Turn   | Place    | Note
-------+----------+-------------------------------------------
     0 | D:1      | r3xj the Minotaur Fighter began the quest for the Orb.
     0 | D:1      | Reached XP level 1. HP: 19/19 MP: 0/0
   240 | D:1      | Reached XP level 2. HP: 26/27 MP: 1/1
   447 | D:1      | Reached skill level 3 in Maces & Flails
  1023 | D:1      | Reached XP level 3. HP: 32/33 MP: 2/2
  1601 | D:2      | You fall into a shaft and drop 2 floors!
  1866 | D:3      | Reached XP level 4. HP: 40/40 MP: 3/3
  1870 | D:3      | Found Giesaw's Antique Weapon Shop.
  1884 | D:3      | Reached skill level 4 in Maces & Flails
  1918 | D:2      | Found a snail-covered altar of Cheibriados.
  2022 | D:2      | Found a faded altar of an unknown god.
  2595 | D:4      | Found a staircase to the Ecumenical Temple.
  2936 | D:4      | Reached XP level 5. HP: 16/47 MP: 4/4
  3209 | D:4      | Reached skill level 5 in Maces & Flails
  3434 | D:4      | Reached skill level 5 in Armour
  3437 | D:4      | Reached skill level 5 in Fighting
  3437 | D:4      | Reached XP level 6. HP: 39/56 MP: 5/5
  3450 | D:4      | Reached skill level 6 in Maces & Flails
  4275 | D:4      | Reached XP level 7. HP: 47/62 MP: 6/6
  4596 | D:4      | Reached skill level 7 in Maces & Flails
  4772 | Temple   | Entered the Ecumenical Temple
  4919 | Temple   | Became a worshipper of Warmaster Okawaru
  4959 | D:5      | Entered Level 5 of the Dungeon
  5253 | D:5      | Noticed Pikel
  5272 | D:5      | Killed Pikel
  5272 | D:5      | Reached * piety under Okawaru
  5273 | D:5      | Reached skill level 8 in Maces & Flails
  5273 | D:5      | Reached XP level 8. HP: 66/71 MP: 7/7
  5394 | D:5      | Found an ancient bone altar of Kikubaaqudgha.
  5543 | D:5      | Reached skill level 9 in Maces & Flails
  5872 | D:5      | Reached ** piety under Okawaru
  6219 | D:6      | Found a shimmering altar of Xom.
  6242 | D:6      | Reached skill level 10 in Maces & Flails
  6287 | D:6      | Reached XP level 9. HP: 30/81 MP: 8/8
  7600 | D:7      | Found a sparkling altar of Nemelex Xobeh.
  7656 | D:7      | Reached *** piety under Okawaru
  7879 | D:7      | Reached skill level 11 in Maces & Flails
  8032 | D:7      | Noticed Menkaure
  8045 | D:7      | Killed Menkaure
  8265 | D:8      | Paralysed by a hornet for 3 turns
  8276 | D:8      | Killed from afar by an orc priest

Illustrated notes

Levels and vault maps discovered:
D:1:      dpeg_arrival_arbitrary_b, layout_loops_corners
D:2:      layout_loops_ring, hellmonk_ecumenical_altar_inner_sanctum,
          basic_altar, minmay_misc_feat_tower, fountainhead, minmay_cupped
D:3:      layout_rooms, serial_shops, shop, kennysheep_generic_room_3
D:4:      lemuel_castle_with_subvaults [lemuel_castle_interior_carwin_1],
          layout_loops_corners, minmay_temple_entry_butterflies
D:5:      layout_basic, nicolae_kikubaaqudgha_miasma_corner,
          saegor_snake_ambush, uniq_pikel
D:6:      kennysheep_kobold_camp, layout_basic, xom_confusion_cloud
D:7:      layout_basic, nemelex_spade_bored_becter, kennysheep_generic_room_8,
          uniq_menkaure
D:8:      layout_basic
Temple:   dshaligram_water_room_temple

Skill      XL: |  1  2  3  4  5  6  7  8  9 |
---------------+----------------------------+-----
Maces & Flails | 3 4 5 6 8 10 11 | 11.5
Armour         | 4 5 6 7 8 |  8.9
Fighting       | 4 5 6 7 8 |  8.8
Shields        | 4 |  4.0

Action                   |  1- 3 |  4- 6 |  7- 9 || total
-------------------------+-------+-------+-------++-------
Melee: Flail             |    95 |   154 |   301 ||   550
       Headbutt          |     8 |    26 |    60 ||    94
Armor: Scale mail        |    49 |    47 |    19 ||   115
       Quicksilver drago |       |       |    90 ||    90
Dodge: Dodged            |    51 |    68 |   113 ||   232
Block: Buckler           |    27 |    30 |    42 ||    99

Table legend: (Time is in decaauts)
 A = Elapsed time spent in this place.
 B = Non-inter-level travel time spent in this place.
 C = Inter-level travel time spent in this place.
 D = Time resting spent in this place.
 E = Time spent auto-exploring this place.
 F = Levels seen in this place.
 G = Mean time per level.
                   A        B        C        D        E       F      G
               +--------+--------+--------+--------+--------+-----+--------+
         Total |   8322 |   7868 |    454 |    867 |   5802 |   9 |  924.7 |
       Dungeon |   8159 |   7757 |    402 |    867 |   5702 |   8 | 1019.9 |
        Temple |    163 |    111 |     52 |      0 |    100 |   1 |  163.0 |
               +--------+--------+--------+--------+--------+-----+--------+

Top non-repeatable levels by time:
     D:4: 2755 daAuts
     D:6: 1518 daAuts
     D:1: 1356 daAuts
     D:5: 833 daAuts
     D:7: 617 daAuts
     D:3: 516 daAuts
     D:2: 464 daAuts
  Temple: 163 daAuts
     D:8: 97 daAuts
